 Dungeon Crawl Stone Soup version 0.22.1-1-ga44c0e5 (webtiles) character file.

54 Torikoriko the Ducker (level 3, -8/37 HPs)
             Began as an Ogre Wanderer on Nov 10, 2018.
             Mangled by an ogre
             ... wielding a +0 giant spiked club
              (19 damage)
             ... on level 2 of the Dungeon.
             The game lasted 00:04:07 (1603 turns).

Torikoriko the Ducker (Ogre Wanderer)               Turns: 1603, Time: 00:04:08

Health: -8/37      AC:  3    Str: 18    XL:     3   Next: 91%
Magic:  4/4        EV:  8    Int: 13    God:
Gold:   63         SH:  7    Dex:  7    Spells: 4/4 levels left

rFire    . . .     SeeInvis .   b - +0 mace
rCold    . . .     Gourm    .   a - +0 shield
rNeg     . . .     Faith    .   d - +0 robe
rPois    .         Spirit   .   (helmet restricted)
rElec    .         Reflect  .   (no cloak)
rCorr    .         Harm     .   (gloves unavailable)
MR       .....                  (boots unavailable)
Stlth    +.........             e - amulet of magic regeneration
HPRegen  0.12/turn              (no ring)
MPRegen  0.34/turn              (no ring)

@: no status effects
A: large, unfitting armour, tough skin 1
a: no special abilities


You were on level 2 of the Dungeon.
You were not hungry.

You visited 1 branch of the dungeon, and saw 2 of its levels.

You collected 63 gold pieces.

Inventory:

Hand Weapons
 b - a +0 mace (weapon)
Missiles
 g - 71 stones (quivered)
Armour
 a - a +0 shield (worn)
 d - a +0 robe (worn)
Jewellery
 e - an amulet of magic regeneration (around neck)
Scrolls
 h - 2 scrolls of teleportation {unknown}
 j - 2 scrolls of identify {unknown}
 k - a scroll of magic mapping {unknown}
 l - a scroll of remove curse {unknown}
Potions
 i - a potion of heal wounds
 m - a potion of curing {unknown}
 n - a potion of magic {unknown}
Comestibles
 c - a chunk of flesh
 f - 2 rations


   Skills:
 + Level 3.0 Fighting
 - Level 4.0 Dodging
 + Level 2.0 Shields
 - Level 1.3 Spellcasting
   Level 1.0 Conjurations
   Level 1.0 Charms
   Level 1.0 Evocations


You had 4 spell levels left.
You didn't know any spells.
Your spell library contained the following spells:

 Spells                   Type           Power        Failure   Level  Hunger
 Beastly Appendage        Tmut           #.....       77%         1    ##.....
 Ignite Poison            Fire/Tmut/Pois #.......     98%         3    ####...


Dungeon Overview and Level Annotations

Branches:
Dungeon (2/15)

Altars:


Innate Abilities, Weirdness & Mutations

You are too large for most types of armour.
You have tough skin. (AC +1)


Message History

You now have 63 gold pieces (gained 11).
n - a fizzy yellow potion An ogre comes into view.
It is wielding a giant spiked club.
The ogre shouts!
An ogre is nearby!
You hit the ogre.
The ogre is lightly wounded.
You block the ogre's attack.
Your shield prevents you from hitting the ogre.
The ogre is lightly wounded.
The ogre hits you with a giant spiked club!
You hit the ogre.
The ogre is lightly wounded.
The ogre hits you with a giant spiked club.
* * * LOW HITPOINT WARNING * * *
You sock the ogre!
The ogre is heavily wounded.
The ogre hits you with a giant spiked club!!
Ouch! That really hurt!
You die...

#..........# #
#..........##### # #
##.###.........# ... #
#. #.#.#####.###.....
#######
........................
.......
###.#.....#####.###.....
#######
#.....#####......... #
#....#......#.###.##
#....#.....@+.#
#.#.##.....O###
#.#.##......# .....##.#
####. #.# # #.# #.# #.#


You could see an ogre.

Vanquished Creatures
  Terence (D:2)
  An adder (D:2)
  A giant cockroach (D:1)
  4 goblins
  3 hobgoblins
  2 bats (D:1)
  2 frilled lizards (D:2)
  3 kobolds
  3 rats (D:1)
20 creatures vanquished.

Notes
Turn   | Place    | Note
-------+----------+-------------------------------------------
     0 | D:1      | Torikoriko the Ogre Wanderer began the quest for the Orb.
     0 | D:1      | Torikoriko set off with: a +0 shield, a +0 mace, a +0 robe,
                  | a ration
     0 | D:1      | Reached XP level 1. HP: 19/19 MP: 2/2
   220 | D:1      | Reached XP level 2. HP: 18/28 MP: 3/3
  1306 | D:2      | Noticed Terence
  1324 | D:2      | Killed Terence
  1324 | D:2      | Reached skill level 4 in Dodging
  1324 | D:2      | Reached XP level 3. HP: 8/36 MP: 4/4
  1596 | D:2      | Noticed an ogre
  1603 | D:2      | Mangled by an ogre

Skill      XL: |  1  2  3 |
---------------+----------+-----
Fighting       | 2 3 |  3.0
Dodging        | 4 |  4.0
Shields        | 2 |  2.0
Spellcasting   | |  1.3
Conjurations   | |  1.0
Charms         | |  1.0
Evocations     | |  1.0

Action                   || total
-------------------------++-------
Melee: Mace              ||    73
  Use: Potion            ||     2
  Eat: Chunk             ||     2
Armor: Robe              ||    20
Dodge: Dodged            ||    26
Block: Shield            ||    30
